 Dungeon Crawl Stone Soup version 0.29.0-11-gd7f09526c8 (webtiles) character file.

Game seed: 11088868650491502940

4711 keekatzer the Grappler (level 10, -1/98 HPs)
             Began as a Troll Transmuter on Sept 6, 2022.
             Was a Priest of Elyvilon.
             Slain by a hornet (14 damage)
             ... on level 9 of the Dungeon.
             The game lasted 00:39:21 (6841 turns).

keekatzer the Grappler (Troll Transmuter)           Turns: 6841, Time: 00:39:21

Health: -1/98      AC:  4    Str: 22    XL:     10   Next: 22%
Magic:  13/13      EV: 11    Int:  9    God:    Elyvilon [***...]
Gold:   718        SH:  5    Dex: 12    Spells: 8/15 levels left

rFire   . . .      SeeInvis .     - Unarmed
rCold   . . .      Faith    .   (no shield)
rNeg    . . .      Spirit   .   a - +0 robe
rPois   .          Reflect  +   (helmet currently unavailable)
rElec   .          Harm     .   (no cloak)
rCorr   .          Rampage  .   (gloves unavailable)
Will    .....                   (boots unavailable)
Stlth   +.........              h - amulet of reflection
HPRegen 1.06/turn               (no ring)
MPRegen 0.13/turn               (no ring)

@: lethally poisoned (-1 -> -4), appendages (expiring), slowed, very slow
A: horns 2, talons 2, large, unfitting armour, claws 3, regeneration 1, shaggy
fur 1, tough skin 1
a: End Transformation, Renounce Religion, Purification, Heal Other, Heal Self


You were on level 9 of the Dungeon.
You worshipped Elyvilon.
Elyvilon was most pleased with you.
You had temporarily grown beastly horns and talons.
You visited 2 branches of the dungeon, and saw 10 of its levels.
You also visited: Ossuary and Bailey.

You collected 718 gold pieces.

Inventory:

Hand Weapons
 y - the +4 long sword of Lust {vorpal, Will+ Dex+3 Stlth+}
   (You found it on level 7 of the Dungeon)

   It inflicts extra damage upon your enemies.
   Dex:       It affects your dexterity (+3).
   Will:      It increases your willpower.
   Stlth:     It makes you more stealthy.
 z - the +10 zealot's sword {holy, *Rage rN+ EV+3}
   (You found it in a bailey)

   It has been blessed by the Shining One to cause great damage to the undead
   and demons.
   Whenever the wielder enters a berserk rage, their allies are berserked
   alongside them.
   EV:        It affects your evasion (+3).
   rN:        It protects you from negative energy.
   *Rage:     It berserks you when you make melee attacks (+20% chance).
 G - a +4 dire flail of freezing
Missiles
 l - 2 throwing nets
Armour
 a - a +0 robe (worn)
 u - a +2 tower shield of resistance
Magical Staves
 x - a staff of earth
Jewellery
 h - an amulet of reflection (around neck)
 s - an amulet of regeneration
Wands
 e - a wand of polymorph (12)
 f - a wand of flame (17)
 q - a wand of charming (1)
 K - a wand of iceblast (4)
Scrolls
 c - 2 scrolls of magic mapping
 d - a scroll of fog
 g - 4 scrolls of enchant weapon
 j - 3 scrolls of enchant armour
 p - 2 scrolls of summoning {unknown}
 v - 3 scrolls of blinking
 B - 3 scrolls of teleportation {unknown}
 D - 2 scrolls of amnesia
 E - a scroll of poison
 F - a scroll of silence
 I - a scroll of identify
Potions
 b - 4 potions of lignification
 k - a potion of brilliance
 m - 2 potions of heal wounds
 n - 4 potions of curing
 o - 4 potions of berserk rage
 r - a potion of ambrosia
 t - 2 potions of magic {unknown}
 w - a potion of flight
 A - 2 potions of might {unknown}
 C - 3 potions of resistance
 H - a potion of mutation {unknown}
 J - a potion of haste {unknown}
Miscellaneous
 i - a lightning rod (4/4)


   Skills:
 + Level 6.0 Fighting
 * Level 4.9 Dodging
 * Level 1.0 Shields
 * Level 8.0 Unarmed Combat
 - Level 3.0 Spellcasting
 + Level 4.5 Transmutations
 * Level 4.1 Ice Magic


You had 8 spell levels left.
You knew the following spells:

 Your Spells              Type           Power      Damage    Failure   Level
a - Beastly Appendage     Tmut           18%        N/A       4%          1
b - Wereblood             Tmut           9%         N/A       7%          2
c - Ice Form              Ice/Tmut       9%         N/A       45%         4

Your spell library contained the following spells:

 Spells                   Type           Power      Damage    Failure   Level
 Spider Form              Tmut/Pois      5%         N/A       34%         3


Dungeon Overview and Level Annotations

Branches:
Dungeon (9/15)             Temple (1/1) D:5         Ossuary (visited)
 Bailey (visited)
   Lair: D:8-11         Orc: D:9-12

Altars:
Ashenzari
Cheibriados
Dithmenos
Elyvilon
Gozag
Makhleb
Qazlal
Sif Muna
Trog
Uskayaw
Vehumet
Wu Jian
Xom
Zin
The Shining One

Shops:
D:5 =


Innate Abilities, Weirdness & Mutations

You have temporarily grown beastly horns and talons.
You are too large for most types of armour.
You have claws for hands.
Your natural rate of healing is unusually fast.
You are covered in fur. (AC +1)
You have tough skin. (AC +1)


Message History

You feel sick. The hornet misses you. You block the hornet's attack.
You scratch the hornet but do no damage.
Your kick misses the hornet.
The hornet is moderately wounded.
Your transformation is almost over.
You feel sick. You block the hornet's attack.
You closely miss the hornet. Your headbutt misses the hornet.
The hornet is moderately wounded.
You feel sick. The hornet closely misses you.
You scratch the hornet. You claw the hornet. Your claw misses the hornet.
The hornet is heavily wounded.
You feel sick. The hornet stings you.
You feel yourself slow down. The hornet stings you!
You feel as though you will be slow longer.
You claw the hornet! Your kick misses the hornet.
The hornet is severely wounded.
You feel sick.
You are no longer poisoned.
The hornet barely misses you.
You scratch the hornet but do no damage.
You claw the hornet.
The hornet is almost dead.
The hornet stings you but does no damage.
You block the hornet's attack.
You barely miss the hornet. Your headbutt misses the hornet.
The hornet is almost dead.
The hornet stings you!
* * * LOW HITPOINT WARNING * * *
You feel as though you will be slow longer.
The hornet stings you but does no damage.
You closely miss the hornet.
You headbutt the hornet, but do no damage.
Your claw misses the hornet.
The hornet is almost dead.
The hornet stings you!
* * * LOW HITPOINT WARNING * * *
You are poisoned.
You feel as though you will be slow longer.
The hornet stings you!
You die...

#. ## #.##
.....# .#..#
.... #..# #.y#
#.@# #..####
#.....# #.....#
#.....##
#......#
######.#########
#..........
#.#.....###


You could see a hornet.

Vanquished Creatures
  An orc knight (Bailey)
  A cyclops (D:7)
  7 orc warriors
  An ice beast (D:7)
  5 ogres
  2 kobold brigands
  A gnoll sergeant (D:5)
  5 bullfrogs
  5 scorpions
  9 wights
  4 killer bees (D:9)
  2 jellies
  3 orc priests
  A hound (D:7)
  A human zombie (D:8)
  4 gnoll boudas
  2 iguanas
  Natasha (thrice) (D:2)
  3 orc wizards
  8 mummies (Ossuary)
  29 gnolls
  4 adders
  3 shadow imps
  A white imp (D:6)
  An ufetubus (D:5)
  2 worms (D:2)
  2 dart slugs
  34 orcs
  5 ball pythons
  8 bats
  3 endoplasms
  3 giant cockroaches (D:2)
  2 gnoll zombies (Ossuary)
  6 hobgoblins
  6 quokkas
  3 frilled lizards
  4 goblins
  2 hobgoblin zombies (Ossuary)
  18 kobolds
  2 kobold zombies (Ossuary)
  2 orc zombies (Ossuary)
  A rat (D:3)
209 creatures vanquished.

Vanquished Creatures (collateral kills)
  2 orc warriors (Bailey)
2 creatures vanquished.

Grand Total: 211 creatures vanquished

Notes
Turn   | Place    | Note
-------+----------+-------------------------------------------
     0 | D:1      | keekatzer the Troll Transmuter began the quest for the Orb.
     0 | D:1      | Reached XP level 1. HP: 18/18 MP: 1/1
   102 | D:1      | Reached skill level 1 in Fighting
   109 | D:1      | Reached XP level 2. HP: 25/27 MP: 3/3
   116 | D:1      | Learned a level 2 spell: Wereblood
   704 | D:2      | Reached XP level 3. HP: 29/33 MP: 4/4
   762 | D:2      | Noticed Natasha
   771 | D:2      | Killed Natasha
   785 | D:2      | Reached XP level 4. HP: 29/41 MP: 2/5
   795 | D:2      | Noticed Natasha
   802 | D:2      | Killed Natasha
  1020 | D:2      | Noticed Natasha
  1028 | D:2      | Killed Natasha
  1029 | D:2      | Reached XP level 5. HP: 48/49 MP: 2/6
  1300 | D:3      | Found a faded altar of an unknown god.
  2030 | D:4      | Noticed an ogre
  2035 | D:4      | Killed an ogre
  2036 | D:4      | Reached skill level 4 in Unarmed Combat
  2060 | D:4      | Learned a level 4 spell: Ice Form
  2141 | D:4      | Reached XP level 6. HP: 37/57 MP: 5/8
  2813 | D:5      | Entered Level 5 of the Dungeon
  2901 | D:5      | Reached XP level 7. HP: 36/66 MP: 9/9
  2906 | D:5      | Reached skill level 1 in Ice Magic
  3277 | D:5      | Reached skill level 5 in Unarmed Combat
  3311 | D:5      | Found a staircase to the Ecumenical Temple.
  3317 | Temple   | Entered the Ecumenical Temple
  3345 | Temple   | Became a worshipper of Elyvilon the Healer
  3370 | D:5      | Found Ytratuf's Jewellery Shop.
  3745 | D:7      | Reached * piety under Elyvilon
  3756 | D:7      | Reached XP level 8. HP: 38/75 MP: 6/10
  4260 | D:6      | Reached skill level 6 in Unarmed Combat
  4432 | D:6      | Found a shimmering blue altar of Sif Muna.
  4432 | D:6      | Found a glowing golden altar of the Shining One.
  4433 | D:6      | Found a snail-covered altar of Cheibriados.
  4640 | D:7      | Reached ** piety under Elyvilon
  4761 | D:7      | Identified the +4 long sword of Lust {vorpal, Will+ Dex+3
                  | Stlth+}
  4805 | D:7      | Noticed a cyclops
  4840 | D:7      | Killed a cyclops
  4841 | D:7      | Reached XP level 9. HP: 82/85 MP: 9/12
  5102 | D:7      | Reached skill level 5 in Fighting
  5124 | D:7      | Reached skill level 7 in Unarmed Combat
  5350 | D:8      | Found a sand-covered staircase.
  5367 | Ossuary  | Entered an ossuary
  5487 | Ossuary  | Reached *** piety under Elyvilon
  5583 | D:8      | Found a flagged portal.
  5706 | Bailey   | Entered a bailey
  6045 | Bailey   | Found the +10 zealot's sword {holy, *Rage rN+ EV+3}
  6045 | Bailey   | Noticed an orc knight
  6225 | Bailey   | Acquired a +2 tower shield of resistance
  6357 | Bailey   | Reached XP level 10. HP: 87/98 MP: 11/13
  6384 | Bailey   | Killed an orc knight
  6505 | D:8      | Reached skill level 8 in Unarmed Combat
  6832 | D:9      | Reached skill level 1 in Shields
  6841 | D:9      | Slain by a hornet

Illustrated notes

Levels and vault maps discovered:
D:1:      dpeg_arrival_pits, layout_loops_corners
D:2:      layout_basic, serial_corexii_hall, corexii_hall_statues_l,
          corexii_hall_statues_i, uniq_natasha
D:3:      mumra_celtic_spiral_tile, layout_rooms, basic_ecumenical_altar
D:4:      layout_layer_cave, kennysheep_boxes
D:5:      layout_basic, temple_green, serial_shops, nicolae_shop_behind_doors
D:6:      layout_basic, nicolae_overflow_hidden_temple, minmay_misc_feat_tower
D:7:      layout_basic
D:8:      layout_loops_ring, enter_ossuary_3, enter_bailey_2
D:9:      layout_basic, serial_aquarium, aquarium_bridge_island_small
          [aquarium_subvault_small_open, aquarium_subvault_wall,
          aquarium_subvault_bridge, aquarium_subvault_bridge,
          aquarium_subvault_bridge], aquarium_window_fake, aquarium_window_1,
          aquarium_window_fake, aquarium_window_corner, aquarium_view_2c,
          aquarium_view_2d, aquarium_pool_five, serial_shops,
          nicolae_square_shop, kennysheep_generic_room_12
Temple:   nicolae_temple_bog_church

Skill      XL: |  1  2  3  4  5  6  7  8  9 10 |
---------------+-------------------------------+-----
Fighting       | 1 2 3 4 5 6 |  6.0
Dodging        | 2 3 4 |  4.9
Transmutations | 2 3 4 |  4.5
Unarmed Combat | 4 5 6 7 8 |  8.0
Spellcasting   | 2 3 |  3.0
Ice Magic      | 1 2 3 4 |  4.1
Shields        | 1 |  1.0

Action                   |  1- 3 |  4- 6 |  7- 9 | 10-12 || total
-------------------------+-------+-------+-------+-------++-------
Melee: Unarmed           |    73 |   128 |   371 |    58 ||   630
       Kick              |     2 |     7 |    48 |    11 ||    68
       Headbutt          |     1 |     6 |    22 |     4 ||    33
       Punch             |     1 |     1 |    18 |       ||    20
 Cast: Beastly Appendage |     4 |     8 |    24 |     4 ||    40
       Wereblood         |     1 |     5 |    16 |     2 ||    24
       Ice Form          |       |       |     1 |     1 ||     2
Evoke: Wand              |       |       |     1 |       ||     1
  Use: Scroll            |       |       |    15 |       ||    15
       Potion            |       |       |     1 |       ||     1
 Stab: Sleeping          |       |       |     1 |       ||     1
Armor: Robe              |    32 |    19 |    53 |    11 ||   115
Dodge: Dodged            |    31 |    55 |   175 |    21 ||   282
Block: Other             |       |       |     2 |    11 ||    13
